 Dungeon Crawl Stone Soup version 0.19-a0-994-g3c636f0 (webtiles) character file.

3443 tsouns the Frost Mage (level 10, -1/61 (63) HPs)
             Began as an Octopode Ice Elementalist on July 15, 2016.
             Was a Priest of Vehumet.
             Slain by a wasp (9 damage)
             ... on level 8 of the Dungeon.
             The game lasted 00:35:04 (10042 turns).

tsouns the Frost Mage (Octopode Ice Elementalist)  Turns: 10042, Time: 00:35:05

HP:   -1/61 (63)    AC:  1    Str:  8    XL:     10   Next: 5%
MP:   1/18          EV: 13    Int: 24    God:    Vehumet [***...]
Gold: 300           SH:  0    Dex: 12    Spells: 5 memorised, 6 levels left

rFire  x . .     SeeInvis .     h - +3 dagger (venom)
rCold  + + .     Gourm    .     (no shield)
rNeg   . . .     Faith    .     (helmet restricted)
rPois  +         Spirit   .     (no amulet)
rElec  .         Dismiss  .     e - +3 ring of intelligence
rCorr  .         Reflect  .     r - ring of ice
SustAt .         Harm     .     v - ring of protection from cold
MR     .....                    j - ring of poison resistance
Stlth  +++++.....               w - ring of stealth
                                (no ring)
                                (no ring)
                                (no ring)

@: lethally poisoned (-1 -> -3), not resistant to hostile enchantments, quite
stealthy
A: almost no armour, amphibious, 8 rings, constrict 8, camouflage 1, mutation
resistance 1, gelatinous body 1
a: Renounce Religion


You were on level 8 of the Dungeon.
You worshipped Vehumet.
Vehumet was most pleased with you.
You were not hungry.

You visited 2 branches of the dungeon, and saw 9 of its levels.
You also visited: Sewer.

You collected 468 gold pieces.
You spent 168 gold pieces at shops.

Inventory:

Hand Weapons
 h - a +3 dagger of venom (weapon)
 y - a +0 glaive of venom
 E - a +1 rapier of piercing
Missiles
 i - 3 javelins (quivered)
 p - 5 curare-tipped needles
Magical Staves
 x - an uncursed staff of summoning
Jewellery
 e - a +3 ring of intelligence (left tentacle)
 j - a ring of poison resistance (on tentacle)
 r - a ring of ice (right tentacle)
 v - a ring of protection from cold (on tentacle)
 w - a ring of stealth (on tentacle)
Wands
 A - a wand of lightning (8/15)
 H - a wand of iceblast (11/15)
Scrolls
 c - 4 scrolls of teleportation
 l - 6 scrolls of remove curse
 B - a scroll of magic mapping
 F - a scroll of recharging
 G - a scroll of amnesia
 I - a scroll of fog {unknown}
Potions
 d - 6 potions of curing
 f - 2 potions of cancellation
 k - 3 potions of lignification
 q - a potion of magic
 s - 2 potions of brilliance {unknown}
 t - 3 potions of might {unknown}
 u - 4 potions of heal wounds {unknown}
 z - a potion of cure mutation {unknown}
 C - 2 potions of flight {unknown}
 D - a potion of ambrosia {unknown}
Books
 a - a book of Frost

   Spells                             Type                      Level
   a - Freeze                         Ice                          1
   b - Throw Frost                    Conjuration/Ice              2
   c - Ozocubu's Armour               Charms/Ice                   3
   d - Throw Icicle                   Conjuration/Ice              4
   e - Summon Ice Beast               Ice/Summoning                4
 g - a book of Ice

   Spells                             Type                      Level
   a - Ice Form                       Ice/Transmutation            4
   b - Metabolic Englaciation         Hexes/Ice                    5
   c - Ozocubu's Refrigeration        Ice                          6
   d - Bolt of Cold                   Conjuration/Ice              6
   e - Freezing Cloud                 Conjuration/Ice/Air          6
   f - Simulacrum                     Ice/Necromancy               6
 m - a book of Summonings

   Spells                             Type                      Level
   a - Recall                         Summoning/Translocation      3
   b - Aura of Abjuration             Summoning                    5
   c - Summon Demon                   Summoning                    5
   d - Summon Forest                  Summoning/Translocation      5
   e - Summon Mana Viper              Hexes/Summoning              5
   f - Shadow Creatures               Summoning                    6
 o - a Grand Grimoire

   Spells                             Type                      Level
   a - Monstrous Menagerie            Summoning                    7
   b - Summon Greater Demon           Summoning                    7
   c - Malign Gateway                 Summoning/Translocation      7
   d - Summon Horrible Things         Summoning                    8
Comestibles
 b - 3 bread rations
 n - 4 meat rations


   Skills:
 * Level 4.0 Fighting
 - Level 3.1 Short Blades
 + Level 3.9 Dodging
 - Level 4.2 Stealth
 - Level 5.8 Spellcasting
 - Level 3.8 Conjurations
 - Level 3.2 Summonings
 - Level 9.7 Ice Magic


You had 6 spell levels left.
You knew the following spells:

 Your Spells              Type           Power        Failure   Level  Hunger
a - Freeze                Ice            ####         1%          1    None
b - Throw Frost           Conj/Ice       ######       1%          2    None
c - Ozocubu's Armour      Chrm/Ice       #####...     3%          3    #......
d - Throw Icicle          Conj/Ice       ######..     1%          4    ###....
e - Summon Ice Beast      Ice/Summ       ######..     8%          4    ###....


Dungeon Overview and Level Annotations

Branches:
Dungeon (8/15)             Temple (1/1) D:4
   Lair: D:8-11

Altars:
Cheibriados
Elyvilon
Fedhas
Gozag
Hepliaklqana
Makhleb
Nemelex Xobeh
Pakellas
Qazlal
Ru
Sif Muna
Trog
Vehumet
Yredelemnul
Zin
The Shining One

Shops:
D:4 =[}(!   D:6 (


Innate Abilities, Weirdness & Mutations

You cannot wear most types of armour.
You are amphibious.
You can wear up to eight rings at the same time.
You can use your tentacles to constrict eight enemies at once.
Your skin changes colour to match your surroundings (Stealth+).
Your rubbery body absorbs attacks. (AC +1)
You are somewhat resistant to further mutation.


Message History

Press: ? - help, Shift-Dir - straight line, f/p - wasp
Aim: a wasp (heavily wounded)
You feel a surge of power!
You freeze the wasp.
The wasp is severely wounded.
The wasp misses you. The wasp stings you.
* * * LOW HITPOINT WARNING * * *
You are poisoned.
You feel yourself slow down.
Casting: Freeze
Confirm with . or Enter, or press ? or * to list all spells.
Aiming: Freeze
Press: ? - help, Shift-Dir - straight line, f/p - wasp
Aim: a wasp (severely wounded)
You feel a surge of power!
You freeze the wasp.
The wasp is severely wounded.
You feel yourself speed up.
You feel sick. The wasp stings you.
* * * LOW HITPOINT WARNING * * *
The wasp stings you!
You die...

#. #. ##+## #. ##...#
#.#### ##..... #..#.##
##......
<##.#####....####.......
...).)y@........'.......
.##.#####....####.......
#.#.## ##...... ##.##
##..... #.# ##...# #.#
##'## #.# #.# #.# #.#
... ##.##


You could see a wasp.

Vanquished Creatures
  A troll (D:6)
  A hippogriff (D:8)
  A phantom (D:6)
  Purgy (Sewer)
  2 orc warriors
  2 ice beasts
  A black bear (D:6)
  A necrophage (D:6)
  2 ogres
  4 centaurs
  4 giant frogs
  2 scorpions (D:5)
  4 howler monkeys
  3 crimson imps
  A giant frog zombie (D:7)
  10 orc wizards
  2 jellies
  2 centaur skeletons (D:5)
  2 hounds (D:7)
  4 orc priests
  A giant frog skeleton (D:4)
  3 iguanas
  4 worker ants
  A hound skeleton (D:7)
  A worker ant zombie (D:7)
  4 gnolls (D:7)
  11 adders
  4 adder skeletons
  An adder zombie (D:5)
  2 worms
  2 dart slugs
  3 giant geckos
  32 orcs
  6 giant cockroaches
  6 goblins
  7 hobgoblins
  9 jackals
  7 quokkas
  4 ball pythons
  7 bats
  12 giant newts
  A jackal skeleton (D:7)
  7 kobolds
  A quokka skeleton (D:4)
  6 rats
192 creatures vanquished.

Vanquished Creatures (collateral kills)
  A necrophage (D:7)
  A black bear (D:7)
  A phantom (D:7)
  A centaur (D:6)
4 creatures vanquished.

Grand Total: 196 creatures vanquished

Notes
Turn   | Place    | Note
-------+----------+-------------------------------------------
     0 | D:1      | tsouns the Octopode Ice Elementalist began the quest for the Orb.
     0 | D:1      | Reached XP level 1. HP: 11/11 MP: 3/3
   389 | D:1      | Reached XP level 2. HP: 17/17 MP: 1/5
   393 | D:1      | Learned a level 2 spell: Throw Frost
   739 | D:1      | Reached skill level 4 in Ice Magic
  1000 | D:2      | Reached XP level 3. HP: 21/21 MP: 3/6
  1053 | D:2      | Learned a level 3 spell: Ozocubu's Armour
  1668 | D:2      | Reached XP level 4. HP: 24/27 MP: 5/7
  1854 | D:3      | Reached skill level 5 in Ice Magic
  2108 | D:3      | Reached XP level 5. HP: 21/31 MP: 6/8
  2199 | D:3      | Noticed a phantom
  2238 | D:3      | Reached skill level 6 in Ice Magic
  2438 | D:3      | Found a glowing golden altar of the Shining One.
  2924 | D:4      | Reached XP level 6. HP: 17/37 MP: 0/9
  3150 | D:4      | Reached skill level 1 in Fighting
  3233 | D:4      | Found a blossoming altar of Fedhas.
  3267 | D:4      | Found Yttig's Antique Armour Boutique.
  3270 | D:4      | Found Ciywkun's Gadget Shoppe.
  3275 | D:4      | Found Omnociek's Distillery.
  3287 | D:4      | Bought a potion of curing for 42 gold pieces
  3287 | D:4      | Bought a potion of degeneration for 14 gold pieces
  3287 | D:4      | Bought a potion of magic for 112 gold pieces
  3304 | D:4      | Found a staircase to the Ecumenical Temple.
  3314 | D:4      | Found Ogheefepp's Weapon Emporium.
  3341 | Temple   | Entered the Ecumenical Temple
  3454 | Temple   | Became a worshipper of Vehumet
  3741 | D:4      | Found Ymnuats's Jewellery Shop.
  3880 | D:5      | Entered Level 5 of the Dungeon
  3888 | D:4      | Reached XP level 7. HP: 28/45 MP: 8/10
  4000 | D:4      | Learned a level 4 spell: Throw Icicle
  4304 | D:5      | Gained mutation: You are somewhat resistant to further mutation. [potion of beneficial mutation]
  4331 | D:5      | Reached * piety under Vehumet
  4331 | D:5      | Offered knowledge of Sting by Vehumet.
  4544 | D:5      | Reached skill level 7 in Ice Magic
  5025 | D:5      | Reached skill level 1 in Short Blades
  5032 | D:5      | Reached XP level 8. HP: 22/50 MP: 1/13
  5365 | D:6      | Found a glowing drain.
  5468 | Sewer    | Entered a sewer
  5611 | Sewer    | Noticed Purgy
  5626 | Sewer    | Killed Purgy
  6208 | D:6      | Learned a level 4 spell: Summon Ice Beast
  6256 | D:6      | Reached skill level 8 in Ice Magic
  6359 | D:6      | Found Jorut's Weapon Shop.
  6370 | D:6      | Reached skill level 5 in Spellcasting
  6422 | D:6      | Reached ** piety under Vehumet
  6457 | D:6      | Offered knowledge of Magic Dart by Vehumet.
  6573 | D:6      | Noticed a troll
  6591 | D:6      | Killed a troll
  6591 | D:6      | Reached XP level 9. HP: 36/53 MP: 1/17
  6730 | D:6      | Reached skill level 9 in Ice Magic
  7453 | D:6      | Reached skill level 1 in Summonings
  7531 | D:6      | Found a deep blue altar of Sif Muna.
  8670 | D:7      | Offered knowledge of Ignite Poison by Vehumet.
  9381 | D:7      | Reached *** piety under Vehumet
  9760 | D:8      | Reached XP level 10. HP: 17/61 MP: 4/18
 10042 | D:8      | Slain by a wasp

Vault maps used:
D:1:      lemuel_arrival_tunnels
D:3:      marbit_many_paths
D:4:      kennysheep_little_box, serial_shops, nicolae_shop_stone,
          kennysheep_mini, shop_statue, nicolae_shop_trees, shop, first_bread
D:6:      minmay_opposing_rooms, led_sif_pool, serial_shops,
          nicolae_shop_statue_plus, gup_sewer_entry_glass, serial_bayou_pond_a,
          minivault_19, kennysheep_boxes
D:8:      overflow_temple_1_default, nicolae_overflow_hidden_temple,
          minmay_lair_entry_grove, serial_shops, nicolae_shop_window_shopping,
          shop, shop, shop, nicolae_shop_crystal
Temple:   dshaligram_water_room_temple
Sewer:    sewer_co_purgy_island

Skill      XL: |  1  2  3  4  5  6  7  8  9 10 |
---------------+-------------------------------+-----
Ice Magic      | 4 5 6 7 8 9 |  9.7
Fighting       | 2 3 4 |  4.0
Dodging        | 3 |  3.9
Stealth        | 4 |  4.2
Spellcasting   | 3 5 |  5.8
Short Blades   | 1 3 |  3.1
Summonings     | 3 |  3.2
Conjurations   | 3 |  3.8

Action                   |  1- 3 |  4- 6 |  7- 9 | 10-12 || total
-------------------------+-------+-------+-------+-------++-------
Melee: Unarmed           |    11 |       |       |       ||    11
       Constrict         |     4 |    12 |    33 |       ||    49
       Tentacles         |     2 |     8 |    27 |       ||    37
       Dagger            |     6 |    68 |   170 |       ||   244
       Hand axe          |     1 |       |       |       ||     1
       Glaive            |       |       |    15 |       ||    15
       Rapier            |       |       |     5 |       ||     5
 Cast: Freeze            |    45 |    33 |    70 |     4 ||   152
       Throw Frost       |       |    11 |    60 |     9 ||    80
       Throw Icicle      |       |       |     7 |     1 ||     8
       Summon Ice Beast  |       |       |     7 |       ||     7
       Ozocubu's Armour  |       |       |     1 |       ||     1
  Use: Scroll            |       |     6 |    10 |     1 ||    17
       Potion            |       |       |     4 |       ||     4
 Stab: Sleeping          |     5 |    15 |    17 |       ||    37
       Distracted        |     3 |       |       |       ||     3
  Eat: Chunk             |     3 |     4 |    10 |       ||    17
       Bread ration      |       |     1 |     1 |       ||     2
       Pizza             |       |       |     1 |       ||     1
       Meat ration       |       |       |     1 |       ||     1
Armor: Skin              |     8 |     3 |    11 |       ||    22
Dodge: Dodged            |    26 |    41 |   161 |     4 ||   232
